[Event "*** Titled Tuesday Blitz"]
[Site "Chess.com"]
[Date "2021.03.30"]
[Round "2"]
[White "TioCridineno"]
[Black "woodhy"]
[Result "0-1"]
[WhiteElo "2248"]
[BlackElo "2456"]
[TimeControl "180+1"]
[EndTime "10:13:03 PDT"]
[Termination "woodhy won by resignation"]

1. e4 e6 2. d4 d5 3. Nc3 Bb4 4. Bd2 Nf6 5. e5 Nfd7 6. Nce2 Be7 7. f4 c5 8. c3 Nc6 9. Nf3 Qb6 10. Rb1 f6 11. Be3 fxe5 12. fxe5 cxd4 13. cxd4 Ncxe5 14. Nxe5 Nxe5 15. Nf4 O-O 16. Be2 Bb4+ 17. Bd2 Rxf4 0-1

[Event "*** Titled Tuesday Blitz"]
[Site "Chess.com"]
[Date "2021.03.30"]
[Round "2"]
[White "agartha01"]
[Black "BahadirOzen"]
[Result "1/2-1/2"]
[WhiteElo "2534"]
[BlackElo "2771"]
[TimeControl "180+1"]
[EndTime "10:13:05 PDT"]
[Termination "Game drawn by agreement"]

1. d4 d6 2. Bf4 g6 3. Nf3 Bg7 4. Nbd2 Nd7 5. e3 e5 6. dxe5 dxe5 7. Bg3 Nh6 8. e4 f6 9. Bc4 Nf7 10. O-O O-O 11. c3 Qe7 12. b4 a5 13. a3 Nb6 14. Bb3 Be6 15. Qc2 Rfd8 16. Rfd1 Bh6 17. Bh4 c6 18. Bxe6 Qxe6 19. Qb3 Qxb3 20. Nxb3 axb4 1/2-1/2

[Event "*** Titled Tuesday Blitz"]
[Site "Chess.com"]
[Date "2021.03.30"]
[Round "2"]
[White "bolence16"]
[Black "BlackWidow515"]
[Result "1-0"]
[WhiteElo "2422"]
[BlackElo "2181"]
[TimeControl "180+1"]
[EndTime "10:13:21 PDT"]
[Termination "bolence16 won by resignation"]

1. e4 e5 2. Nf3 Nc6 3. d4 exd4 4. Bc4 Bc5 5. c3 dxc3 6. Bxf7+ Kxf7 7. Qd5+ Ke8 8.
Qh5+ g6 9. Qxc5 Nge7 10. Nxc3 d6 11. Qg5 Be6 12. O-O Qd7 13. Nd5 Ng8 14. Re1 Nce7 15. Nd4 c5 16. Nxe6 1-0

[Event "*** Titled Tuesday Blitz"]
[Site "Chess.com"]
[Date "2021.03.30"]
[Round "2"]
[White "PlotnikovPavel"]
[Black "paulrusan"]
[Result "1-0"]
[WhiteElo "2498"]
[BlackElo "2301"]
[TimeControl "180+1"]
[EndTime "10:13:28 PDT"]
[Termination "PlotnikovPavel won by checkmate"]

1. e4 c5 2. c3 Nf6 3. e5 Nd5 4.
d4 cxd4 5. Qxd4 e6 6. Bd3 Nc6 7. Qe4 f5 8. Qe2 Be7 9. Nf3 O-O 10. O-O b6 11. Na3 Bb7 12. Nc4 b5 13. Nd6 Bxd6 14. exd6 a6 15. Ne5 f4 16. Qe4 Nxe5 17. Qxh7+ Kf7 18.
Qh5+ Kg8 19. Bh7+ Kh8 20. Bg6+ Kg8 21. Qh7# 1-0

[Event "*** Titled Tuesday Blitz"]
[Site "Chess.com"]
[Date "2021.03.30"]
[Round "2"]
[White "VD_coach"]
[Black "rugbyclub"]
[Result "1-0"]
[WhiteElo "2472"]
[BlackElo "2270"]
[TimeControl "180+1"]
[EndTime "10:13:34 PDT"]
[Termination "VD_coach won by resignation"]

1. Nf3 d5 2. d4 Nf6 3. c4 e6 4. Nc3 Be7 5. Bg5 O-O 6. cxd5 exd5 7. e3 h6 8. Bf4 c6 9. Bd3 Nbd7 10. Qc2 Re8 11. O-O a5 12. h3 Nb6 13. Ne5 Bd6 14.
Bh2 Qe7 15. Rae1 c5 16. Nb5 c4 17. Nxd6 cxd3 18. Nxd3 Rd8 19. Qc5 Be6 20. Qxb6 Ra6 21.
Qxb7 1-0

[Event "*** Titled Tuesday Blitz"]
[Site "Chess.com"]
[Date "2021.03.30"]
[Round "2"]
[White "chess94cu"]
[Black "GoltsevDmitry2000"]
[Result "1-0"]
[WhiteElo "2560"]
[BlackElo "2798"]
[TimeControl "180+1"]
[EndTime "10:13:56 PDT"]
[Termination "chess94cu won by resignation"]

1. d4 Nf6 2. Nf3 e6 3. c4 d5 4. Nc3 Bb4 5. Bg5 c6 6. e3 h6 7. Bh4 g5 8. Bg3 Ne4 9. Qb3 Qa5 10. Rc1 Nd7 11. Bd3 f5 12. a3 Be7 13. cxd5 exd5 14. Bxe4 fxe4 15. Ne5 Nxe5 16. Bxe5 O-O 17. O-O Bf5 18.
Qxb7 Rf7 19. Qxa8+ Kh7 20. Qxc6 1-0

[Event "*** Titled Tuesday Blitz"]
[Site "Chess.com"]
[Date "2021.03.30"]
[Round "2"]
[White "OK97"]
[Black "I_Enchev"]
[Result "1-0"]
[WhiteElo "2804"]
[BlackElo "2533"]
[TimeControl "180+1"]
[EndTime "10:14:00 PDT"]
[Termination "OK97 won by resignation"]

1. d4 Nf6 2. c4 e6 3. Nc3 Bb4 4.
f3 d5 5. a3 Bxc3+ 6. bxc3 O-O 7. cxd5 exd5 8. e3 c5 9. Bd3 b6 10. Ne2 Ba6 11. O-O Bxd3 12. Qxd3 Re8 13. Ng3 Qc7 14. e4 dxe4 15. fxe4 Nc6 16. Rxf6 gxf6 17.
Nh5 Kh8 18. Nxf6 Re6 19. Bg5 Rg8 20. Nxg8 Kxg8 21. Rf1 Qd7 22. Bf6 1-0

[Event "*** Titled Tuesday Blitz"]
[Site "Chess.com"]
[Date "2021.03.30"]
[Round "2"]
[White "chessmadara"]
[Black "Vasily85"]
[Result "1-0"]
[WhiteElo "2211"]
[BlackElo "2407"]
[TimeControl "180+1"]
[EndTime "10:14:01 PDT"]
[Termination "chessmadara won by checkmate"]

1. e4 c5 2. Nf3 e6 3. d4 cxd4 4. Nxd4 Nc6 5. Nc3 Qc7 6. Be2 a6 7.
O-O Nf6 8. Be3 Bb4 9. Na4 Be7 10.
Nxc6 bxc6 11. Nb6 Rb8 12. Nxc8 Qxc8 13. Bd3 d5 14. e5 Nd7 15. f4 Rxb2 16. Qg4 O-O 17.
Rf3 g6 18. Rh3 Bc5 19. Bxc5 Nxc5 20. Qh4 Nxd3 21. Qxh7# 1-0

[Event "*** Titled Tuesday Blitz"]
[Site "Chess.com"]
[Date "2021.03.30"]
[Round "2"]
[White "mbachez"]
[Black "Rozum_Ivan"]
[Result "1-0"]
[WhiteElo "2462"]
[BlackElo "2726"]
[TimeControl "180+1"]
[EndTime "10:14:03 PDT"]
[Termination "mbachez won by resignation"]

1. e4 c6 2. Nf3 d5 3. Nc3 Bg4 4. h3 Bxf3 5. Qxf3 Nf6 6. d3 e6 7. Bd2 Bc5 8. g4 O-O 9. Bg2 Nbd7 10. g5 dxe4 11. dxe4 Ne5 12. Qe2 Nfd7 13. f4 Ng6 14. h4 e5 15. O-O-O exf4 16. h5 Nge5 17. Bxf4 Qe7 18. Bh3 Rad8 19. Bf5 b5 20. Qh2 g6 21. hxg6 fxg6 22. Be6+ 1-0

[Event "*** Titled Tuesday Blitz"]
[Site "Chess.com"]
[Date "2021.03.30"]
[Round "2"]
[White "Manukyan_Artak"]
[Black "barbara25"]
[Result "1-0"]
[WhiteElo "2447"]
[BlackElo "2240"]
[TimeControl "180+1"]
[EndTime "10:14:03 PDT"]
[Termination "Manukyan_Artak won by resignation"]

1. e4 c5 2. Nf3 d6 3. Bb5+ Nd7 4.
O-O Nf6 5. Re1 e5 6. c3 Be7 7.
d4 O-O 8. Bg5 cxd4 9. cxd4 exd4 10. Nxd4 a6 11. Bf1 Ne5 12. Nc3 Bd7 13. Nf5 Bxf5 14.
exf5 Ned7 15. g4 Re8 16. Bf4 Ne5 17. h3 Rc8 18. Bg2 Qc7 19. Rc1 b5 20. g5 Nfd7 21. Nxb5 Qb6 22. Nc3 Qxb2 23. Nd5 Rxc1 24. Bxc1 Qb8 25.
Nxe7+ Rxe7 26. f4 Nc6 27. Bxc6 Rxe1+ 28. Qxe1 Qb6+ 29. Kh2 Qxc6 30. Qe8+ Nf8 31. Qxc6 1-0

[Event "*** Titled Tuesday Blitz"]
[Site "Chess.com"]
[Date "2021.03.30"]
[Round "2"]
[White "Gnechko_Ruslan"]
[Black "yuki_chess123"]
[Result "1-0"]
[WhiteElo "2446"]
[BlackElo "2236"]
[TimeControl "180+1"]
[EndTime "10:14:09 PDT"]
[Termination "Gnechko_Ruslan won by resignation"]

1. d4 g6 2. Nf3 Bg7 3. Bf4 d6 4. e3 Nf6 5. h3 O-O 6. Be2 Nc6 7.
O-O Nd7 8. Bh2 e5 9. c4 f5 10. Nc3 f4 11. dxe5 dxe5 12. Qd5+ Kh8 13. Rad1 Qe7 14.
exf4 Nf6 15. Qd2 e4 16. Ne5 Be6 17. Qe3 Qb4 18. Nxc6 b6 1-0

[Event "*** Titled Tuesday Blitz"]
[Site "Chess.com"]
[Date "2021.03.30"]
[Round "2"]
[White "Jungle_Jaguar"]
[Black "Trickster_Pony"]
[Result "1-0"]
[WhiteElo "2609"]
[BlackElo "1511"]
[TimeControl "180+1"]
[EndTime "10:14:17 PDT"]
[Termination "Jungle_Jaguar won by resignation"]

1. b3 d5 2. Bb2 c5 3. e3 Nc6 4. Nf3 Nf6 5. d4 g6 6. Be2 Bg7 7. O-O O-O 8. dxc5 Ne4 9. Bxg7 Kxg7 10. Nd4 Nxc5 11. Nxc6 Qb6 12. Nxe7 Qf6 13. Nxc8 Qxa1 14.
Ne7 Rad8 15. Nxd5 Ne4 16. c4 b5 17. cxb5 Qe5 18. Bc4 Rxd5 19. Qxd5 Qe7 20. Qd4+ 1-0

[Event "*** Titled Tuesday Blitz"]
[Site "Chess.com"]
[Date "2021.03.30"]
[Round "2"]
[White "Aradhya2000"]
[Black "tusplingher"]
[Result "1-0"]
[WhiteElo "2563"]
[BlackElo "2281"]
[TimeControl "180+1"]
[EndTime "10:14:17 PDT"]
[Termination "Aradhya2000 won by resignation"]

1. d4 Nf6 2. c4 c5 3. d5 b5 4. Nf3 g6 5. cxb5 a6 6. b6 Bg7 7.
Nc3 Qxb6 8. e4 Qb4 9. a3 Qa5 10. Bd2 Qb6 11. Na4 Qb7 12. Nxc5 Qxb2 13. Bd3 Qb6 14. Rb1 Qxc5 15. Rc1 Qxc1 16. Qxc1 O-O 17. O-O Bb7 18. Qc7 Bc8 19. Bb4 d6 20. Qxe7 Nbd7 21.
Qxd6 a5 22. Qc6 Rb8 23. Bxf8 1-0

[Event "*** Titled Tuesday Blitz"]
[Site "Chess.com"]
[Date "2021.03.30"]
[Round "2"]
[White "Synctel"]
[Black "Spriteball"]
[Result "0-1"]
[WhiteElo "2005"]
[BlackElo "2384"]
[TimeControl "180+1"]
[EndTime "10:14:17 PDT"]
[Termination "Spriteball won by resignation"]

1. e4 e5 2. Nf3 Nc6 3. Bc4 Nf6 4. d4 exd4 5. e5 d5 6. Bb5 Ne4 7. Nxd4 Bd7 8. Bxc6 bxc6 9. O-O Bc5 10. f3 Ng5 11. f4 Ne4 12. Be3 Bb6 13. Nd2 Nxd2 14. Qxd2 c5 15. Nb3 d4 16. Bf2 Bc6 17. c3 Qd5 18. Bg3 O-O 19. Rad1 Rad8 20. f5 dxc3 21. Qxd5 Rxd5 22. Rxd5 Bxd5 23. bxc3 Bxb3 24. axb3 c4+ 25.
Bf2 Bxf2+ 26. Rxf2 cxb3 27. Rf1 Rb8 0-1

[Event "*** Titled Tuesday Blitz"]
[Site "Chess.com"]
[Date "2021.03.30"]
[Round "2"]
[White "MrTattaglia"]
[Black "szachuspl"]
[Result "1-0"]
[WhiteElo "2842"]
[BlackElo "2547"]
[TimeControl "180+1"]
[EndTime "10:14:26 PDT"]
[Termination "MrTattaglia won by resignation"]

1. e4 c5 2. Nf3 e6 3. c4 Nc6 4. Nc3 Nf6 5. d4 cxd4 6. Nxd4 Bb4 7. Nxc6 bxc6 8. Bd3 d5 9. cxd5 Bxc3+ 10. bxc3 cxd5 11. exd5 Qxd5 12. Ba3 Bb7 13. Rb1 Rd8 14. Rxb7 Qxb7 15.
Qa4+ Nd7 16. O-O f6 17. Rb1 Qc7 18. Be4 Rb8 19. Rd1 h5 20. Bg6+ Kd8 21. Bd6 1-0

[Event "*** Titled Tuesday Blitz"]
[Site "Chess.com"]
[Date "2021.03.30"]
[Round "2"]
[White "crazy_but_lazy"]
[Black "AndreyNeves"]
[Result "1-0"]
[WhiteElo "2462"]
[BlackElo "2257"]
[TimeControl "180+1"]
[EndTime "10:14:27 PDT"]
[Termination "crazy_but_lazy won by resignation"]

1. d4 d5 2. c4 e6 3. Nc3 Be7 4. cxd5 exd5 5. Nf3 c6 6. Bf4 Bf5 7. e3 Nd7 8. Be2 Ngf6 9. h3 O-O 10. O-O a5 11.
Ne5 Nxe5 12. Bxe5 Ne4 13. Nxe4 Bxe4 14. Bd3 Bxd3 15. Qxd3 Bd6 16. Bxd6 Qxd6 17. Rfc1 f5 18. g3 g5 19. Re1 Kh8 20. Kg2 f4 21. exf4 gxf4 22. Re5 f3+ 23. Kh2 Qh6 24. Rae1 Rad8 25. Re7 b5 26. R1e6 Rf6 27. Rxf6 1-0

[Event "*** Titled Tuesday Blitz"]
[Site "Chess.com"]
[Date "2021.03.30"]
[Round "2"]
[White "BilodeauA"]
[Black "valeriocarnicelli"]
[Result "1-0"]
[WhiteElo "2912"]
[BlackElo "2574"]
[TimeControl "180+1"]
[EndTime "10:14:31 PDT"]
[Termination "BilodeauA won by checkmate"]

1. d4 Nf6 2. Nc3 d5 3. Bf4 a6 4. e3 e6 5. g4 c5 6. g5 Nfd7 7. h4 Nc6 8. Nf3 b5 9. Ne2 c4 10. Bh3 Qa5+ 11. Kf1 b4 12. h5 g6 13. Bg4 Rg8 14. Ng3 Qb5 15. Kg2 Bb7 16. hxg6 hxg6 17. Rh7 Bg7 18. Qh1 O-O-O 19. a4 bxa3 20. bxa3 Qb2 21.
Qb1 Qxb1 22. Rxb1 Nf8 23. Rhh1 Rh8 24. Rhe1 Nd7 25. Ne2 Bf8 26. Ra1 Be7 27. Nc3 Rde8 28. Reb1 Bd8 29. Nxd5 Nxd4 30. Rxb7 Kxb7 31. exd4 exd5 32.
Bxd7 Re7 33. Rb1+ Ka8 34. Bc6+ Ka7 35. Bb8# 1-0

[Event "*** Titled Tuesday Blitz"]
[Site "Chess.com"]
[Date "2021.03.30"]
[Round "2"]
[White "Niktlt"]
[Black "igorkovalenko"]
[Result "0-1"]
[WhiteElo "2588"]
[BlackElo "2954"]
[TimeControl "180+1"]
[EndTime "10:14:33 PDT"]
[Termination "igorkovalenko won by checkmate"]

1. c4 Nf6 2. Nc3 e5 3. Nf3 Nc6 4. e4 d6 5. g3 g6 6. Bg2 Bg7 7. O-O O-O 8. d3 Nd7 9. Nd5 a5 10. a3 Nc5 11. Be3 a4 12. Nc3 Nd4 13. Ne2 Ndb3 14.
Rb1 f5 15. Nd2 Nxd2 16. Qxd2 Nb3 17. Qd1 c6 18. f4 fxe4 19. dxe4 exf4 20. gxf4 Bg4 21.
Qc2 Bxe2 22. Qxe2 Bd4 23. Rbd1 c5 24. e5 dxe5 25. Bd5+ Kg7 26. fxe5 Qh4 27. Kh1 Qh3 28. Bxd4 Nxd4 29. Qg2 Qxg2+ 30. Kxg2 Rae8 31. Rxf8 Rxf8 32. Bxb7 Rb8 33. Bd5 Rxb2+ 34. Kg3 Rb3+ 35. Kg4 Rxa3 36. Rf1 Nf5 37. Rb1 Rb3 38. Ra1 a3 39. e6 Kf6 40.
Kf4 h5 41. Rf1 a2 42. Ra1 g5+ 43. Ke4 Nd6# 0-1

[Event "*** Titled Tuesday Blitz"]
[Site "Chess.com"]
[Date "2021.03.30"]
[Round "2"]
[White "SHIVACalypso"]
[Black "ChessWarrior3"]
[Result "1-0"]
[WhiteElo "2401"]
[BlackElo "2097"]
[TimeControl "180+1"]
[EndTime "10:14:36 PDT"]
[Termination "SHIVACalypso won by resignation"]

1. Nf3 c5 2. c4 Nc6 3. g3 e5 4. Nc3 g6 5. Bg2 Bg7 6. O-O Nge7 7. Ne1 d6 8. Nc2 Be6 9. Ne3 O-O 10. Ned5 Bg4 11. d3 Nxd5 12. Nxd5 Rb8 13. h3 Be6 14. a3 Qd7 15. Kh2 a6 16. Rb1 b5 17. cxb5 axb5 18.
b4 c4 19. dxc4 bxc4 20. Qc2 Ne7 21. Qxc4 Nxd5 22. Bxd5 Bxh3 23. Rd1 Be6 24. Be3 Rfc8 25. Qb3 f5 26. Bxe6+ 1-0

[Event "*** Titled Tuesday Blitz"]
[Site "Chess.com"]
[Date "2021.03.30"]
[Round "2"]
[White "Zq1"]
[Black "chessmause"]
[Result "1-0"]
[WhiteElo "2541"]
[BlackElo "2229"]
[TimeControl "180+1"]
[EndTime "10:14:41 PDT"]
[Termination "Zq1 won by resignation"]

1. d4 Nf6 2. c4 g6 3. Nc3 Bg7 4. e4 d6 5. Nf3 O-O 6. Be2 e5 7. O-O Nc6 8. d5 Ne7 9. Ne1 Nd7 10. Be3 f5 11. f3 f4 12. Bf2 g5 13. Nb5 Nb6 14. b4 a6 15. Nc3 Nd7 16. c5 Rf6 17. c6 bxc6 18. dxc6 Nb6 19. a4 a5 20. Nb5 Nxc6 21.
Bxb6 cxb6 22. Qd5+ Kh8 23. Qxc6 Bd7 24. Qd5 axb4 25.
Nxd6 Qe7 26. Qxa8+ 1-0

[Event "*** Titled Tuesday Blitz"]
[Site "Chess.com"]
[Date "2021.03.30"]
[Round "2"]
[White "gilbert_gm"]
[Black "Gabix_94"]
[Result "1-0"]
[WhiteElo "2552"]
[BlackElo "2792"]
[TimeControl "180+1"]
[EndTime "10:14:43 PDT"]
[Termination "gilbert_gm won by resignation"]

1. d4 d5 2. Nf3 Bf5 3. Bf4 e6 4.
e3 Bd6 5. Bd3 Ne7 6. O-O O-O 7.
Bg3 Bxg3 8. hxg3 Nd7 9. c4 c6 10. Nc3 h6 11. e4 dxe4 12. Nxe4 Bxe4 13. Bxe4 Qb6 14. Qc2 Rad8 15. Rad1 c5 16. d5 exd5 17. Bxd5 Nf6 18. Be4 Qc7 19. Rfe1 b6 20. b3 a6 21. Qe2 Rxd1 22. Rxd1 Re8 23. Bb1 Nc6 24. Qd2 Rd8 25. Qe2 Rxd1+ 26. Qxd1 b5 27. cxb5 axb5 28. Bd3 Qd6 29. Bh7+ 1-0

[Event "*** Titled Tuesday Blitz"]
[Site "Chess.com"]
[Date "2021.03.30"]
[Round "2"]
[White "DenisQ"]
[Black "Redbandit87"]
[Result "1-0"]
[WhiteElo "2637"]
[BlackElo "2355"]
[TimeControl "180+1"]
[EndTime "10:14:43 PDT"]
[Termination "DenisQ won by resignation"]

1. Nf3 d5 2. c4 e6 3. g3 Nf6 4. Bg2 c6 5. b3 Bd6 6. O-O O-O 7.
d4 Nbd7 8. Nc3 b6 9. e4 dxe4 10. Ng5 Bb7 11. Ngxe4 Nxe4 12. Nxe4 Be7 13. Bf4 Rc8 14.
Nd6 Bxd6 15. Bxd6 Re8 16. c5 Nf6 17. Re1 Nd5 18. Rc1 Qd7 19. Qd2 b5 20. h4 a5 21.
Qxa5 Ra8 22. Qd2 Ra3 23. h5 h6 24. Be4 Rea8 25. Bb1 b4 26. Qc2 f5 27. g4 Qf7 28. gxf5 exf5 29. Qxf5 Qxf5 30. Bxf5 Rxa2 31. Be6+ Kh7 32. Bxd5 cxd5 33. c6 Ba6 34. Re7 Bb5 35. c7 Rg8 36. c8=Q 1-0

[Event "*** Titled Tuesday Blitz"]
[Site "Chess.com"]
[Date "2021.03.30"]
[Round "2"]
[White "Sergey85Rodchenkov"]
[Black "lanita_1408"]
[Result "1-0"]
[WhiteElo "2511"]
[BlackElo "2144"]
[TimeControl "180+1"]
[EndTime "10:14:50 PDT"]
[Termination "Sergey85Rodchenkov won by resignation"]

1. Nf3 Nf6 2. c4 e6 3. b3 d5 4.
Bb2 b6 5. e3 Bb7 6. d4 Nbd7 7.
Bd3 Bd6 8. O-O Ne4 9. Nc3 a6 10. Rc1 f5 11. cxd5 exd5 12. Qe2 O-O 13. Rfd1 Qf6 14. g3 g5 15. Ne5 Nxe5 16. dxe5 Bxe5 17.
Bxe4 fxe4 18. Rd2 d4 19. exd4 Bxd4 20. Nxe4 Bxe4 21. Rxd4 Bf3 22. Qd2 Qf5 23. Rd7 Rf7 24. Rxf7 1-0

[Event "*** Titled Tuesday Blitz"]
[Site "Chess.com"]
[Date "2021.03.30"]
[Round "2"]
[White "Trickov"]
[Black "MartinHollan"]
[Result "0-1"]
[WhiteElo "2420"]
[BlackElo "2463"]
[TimeControl "180+1"]
[EndTime "10:14:50 PDT"]
[Termination "MartinHollan won by resignation"]

1. d4 Nf6 2. Nf3 e6 3. g3 b6 4. Bg2 Bb7 5. O-O c5 6. c4 cxd4 7. Qxd4 Nc6 8. Qd2 Be7 9. Nc3 O-O 10. Rd1 Rc8 11. b3 Bb4 12. a3 Ne4 13. Nxe4 Bxd2 14.
Bxd2 Na5 15. Nd6 Bxf3 16. Bxf3 Nxb3 17. Bb4 Nxa1 18. Nxc8 Qxc8 19. Bxf8 Kxf8 20. Rxa1 Qxc4 21. a4 Ke7 22. Kg2 Qc3 23. Rb1 Qa3 24. h4 Qxa4 25. Rc1 Kd8 26. Bb7 Qd4 27. Rc8+ Ke7 28. Bf3 b5 29. Rc7 a5 30. Rb7 Qc5 0-1

[Event "*** Titled Tuesday Blitz"]
[Site "Chess.com"]
[Date "2021.03.30"]
[Round "2"]
[White "skeyman"]
[Black "MatyChess1"]
[Result "0-1"]
[WhiteElo "2248"]
[BlackElo "2618"]
[TimeControl "180+1"]
[EndTime "10:14:55 PDT"]
[Termination "MatyChess1 won by checkmate"]

1. Nf3 d5 2. e3 Nf6 3. c4 e6 4. b3 c5 5. Bb2 Nc6 6. cxd5 exd5 7. a3 Bd6 8. Qc2 d4 9. Bc4 a6 10. exd4 O-O 11. O-O cxd4 12. b4 Bg4 13. Be2 Rc8 14. Qd1 d3 15. Bxd3 Bxh2+ 16. Kxh2 Qxd3 17. Re1 Rfe8 18. Nc3 Rxe1 19. Qxe1 Bxf3 20. gxf3 Nd4 21. Qe3 Nxf3+ 22. Kg2 Nh4+ 23. Kh3 Qf5+ 24. Kxh4 Qg4# 0-1

[Event "*** Titled Tuesday Blitz"]
[Site "Chess.com"]
[Date "2021.03.30"]
[Round "2"]
[White "juancruzarias"]
[Black "AniJak"]
[Result "1/2-1/2"]
[WhiteElo "2563"]
[BlackElo "2321"]
[TimeControl "180+1"]
[EndTime "10:14:58 PDT"]
[Termination "Game drawn by repetition"]

1. d4 d5 2. Nf3 Nf6 3. Bg5 Ne4 4. Bf4 g6 5. Nbd2 Bg7 6. e3 O-O 7. Bd3 Nxd2 8. Qxd2 c5 9. c3 Nc6 10. O-O cxd4 11. exd4 Bf5 12. Bxf5 gxf5 13. Bh6 Qd6 14.
Bxg7 Kxg7 15. Rfe1 Qg6 16. Ne5 Nxe5 17. Rxe5 e6 18.
Rae1 Kh8 19. R5e3 Rg8 20. Rg3 Qh5 21. Qf4 Rxg3 22. hxg3 Qg6 23. f3 Rg8 24. Kf2 Qf6 25.
Rh1 b6 26. g4 Qg5 27. Qe5+ Rg7 28. Qb8+ Rg8 29. Qe5+ Rg7 30. Qb8+ Rg8 31. Qe5+ 1/2-1/2

[Event "*** Titled Tuesday Blitz"]
[Site "Chess.com"]
[Date "2021.03.30"]
[Round "2"]
[White "eCztery"]
[Black "jraosam"]
[Result "1-0"]
[WhiteElo "2367"]
[BlackElo "1839"]
[TimeControl "180+1"]
[EndTime "10:15:00 PDT"]
[Termination "eCztery won on time"]

1. d4 d5 2. Bf4 Nf6 3. e3 c5 4.
Nc3 a6 5. Nf3 Nc6 6. Ne5 e6 7.
g4 Bd6 8. g5 Bxe5 9. Bxe5 Nxe5 10. dxe5 Nd7 11. f4 h6 12. Qh5 1-0

[Event "*** Titled Tuesday Blitz"]
[Site "Chess.com"]
[Date "2021.03.30"]
[Round "2"]
[White "SantoBlue"]
[Black "Nozdrachev_Leonid"]
[Result "1-0"]
[WhiteElo "2815"]
[BlackElo "2540"]
[TimeControl "180+1"]
[EndTime "10:15:02 PDT"]
[Termination "SantoBlue won by resignation"]

1. e4 d6 2. d4 Nf6 3. Bd3 e5 4. c3 g6 5. Nf3 Nbd7 6. O-O Bg7 7. Be3 O-O 8. Nbd2 Re8 9. Re1 a6 10. a4 b6 11. h3 Bb7 12. Qc2 d5 13. Bg5 dxe4 14.
Bxe4 Bxe4 15. Nxe4 exd4 16. Nxd4 Qc8 17. Nc6 Qb7 18. Nxf6+ Nxf6 19. Ne7+ Kf8 20. Qd2 Rxe7 21. Rxe7 Kxe7 22. Qf4 Qc6 23. Qb4+ Qd6 24. Qe4+ Kd7 25.
Qxa8 a5 26. Qf3 Ke7 27. Re1+ 1-0

[Event "*** Titled Tuesday Blitz"]
[Site "Chess.com"]
[Date "2021.03.30"]
[Round "2"]
[White "gui_borba"]
[Black "nikitakhoroshev"]
[Result "0-1"]
[WhiteElo "2447"]
[BlackElo "2678"]
[TimeControl "180+1"]
[EndTime "10:15:05 PDT"]
[Termination "nikitakhoroshev won by resignation"]

1. Nf3 Nf6 2. b3 a5 3. Bb2 a4 4. e3 e6 5. d4 a3 6. Bc1 d5 7. c4 Bb4+ 8. Bd2 Qe7 9. Bd3 c6 10. O-O O-O 11. Bxb4 Qxb4 12. Qd2 Qxd2 13. Nbxd2 Na6 14.
Rad1 Nb4 15. Bb1 b6 16. Rfe1 Ba6 17. e4 h6 18. Ne5 Rfc8 19. f3 c5 20. dxc5 Rxc5 21. Nd3 Nxd3 22. Bxd3 dxc4 23. Bxc4 Bxc4 24. Nxc4 b5 25. Ne3 Rac8 26. Kf2 Kf8 27. Rd2 Ke8 28. Red1 R5c7 29. b4 Nd7 30. Rd3 Ra7 31. Rd6 Ke7 32. R1d2 Ne5 33. Rb6 Nc4 34. Nxc4 bxc4 35. Rc2 Rd7 36. Rc6 Rxc6 0-1

[Event "*** Titled Tuesday Blitz"]
[Site "Chess.com"]
[Date "2021.03.30"]
[Round "2"]
[White "jaskol95"]
[Black "Gahan-MG"]
[Result "1-0"]
[WhiteElo "2413"]
[BlackElo "2646"]
[TimeControl "180+1"]
[EndTime "10:15:06 PDT"]
[Termination "jaskol95 won by checkmate"]

1. d4 Nf6 2. Bf4 d5 3. e3 c5 4. c3 Qb6 5. Qb3 Nc6 6. Nd2 g6 7. dxc5 Qxc5 8. Ngf3 Bg7 9. Be2 O-O 10. Ne5 Nd7 11. Nxc6 bxc6 12. O-O e5 13. Bg3 Rb8 14. Qc2 Re8 15. e4 Nf6 16. Bd3 a5 17. Rfe1 Nh5 18.
Rac1 Nxg3 19. hxg3 Be6 20. exd5 cxd5 21. Bf1 a4 22. b3 Bf5 23. Qb2 a3 24. Qa1 Bh6 25. Nf3 Bxc1 26. Rxc1 e4 27. Nd4 e3 28. fxe3 Rxe3 29.
Nxf5 Rxc3+ 30. Kh2 Rxc1 31. Qg7# 1-0

[Event "*** Titled Tuesday Blitz"]
[Site "Chess.com"]
[Date "2021.03.30"]
[Round "2"]
[White "Nachsueb"]
[Black "Ali-Farahat"]
[Result "0-1"]
[WhiteElo "2169"]
[BlackElo "2414"]
[TimeControl "180+1"]
[EndTime "10:15:06 PDT"]
[Termination "Ali-Farahat won by resignation"]

1. d4 d5 2. c4 c6 3. Nf3 Nf6 4.
Nc3 e6 5. e3 Nbd7 6. Qc2 Bd6 7.
g4 Bb4 8. g5 Ne4 9. Rg1 Qa5 10. Bd2 Nxd2 11. Nxd2 Nb6 12. cxd5 Nxd5 13. Rc1 Bd7 14. a3 Bxc3 15. bxc3 Qxa3 16. Nc4 Qe7 17. e4 Nb6 18. Ne5 c5 19. h4 cxd4 20. cxd4 Rc8 21. Qd2 O-O 22. Bd3 Rxc1+ 23. Qxc1 Qb4+ 24.
Ke2 Qxd4 25. Nf3 Qd6 26. e5 Qe7 27. Qb1 Nd5 28. Bxh7+ Kh8 29. Rc1 g6 30. Bxg6 fxg6 31.
Qxg6 Nf4+ 0-1

[Event "*** Titled Tuesday Blitz"]
[Site "Chess.com"]
[Date "2021.03.30"]
[Round "2"]
[White "GigaQuparadze"]
[Black "vlad_Sid"]
[Result "1-0"]
[WhiteElo "2871"]
[BlackElo "2566"]
[TimeControl "180+1"]
[EndTime "10:15:09 PDT"]
[Termination "GigaQuparadze won by resignation"]

1. e4 c6 2. d4 d5 3. Nc3 dxe4 4. Nxe4 Nf6 5. Nxf6+ exf6 6. c3 Bd6 7. Bd3 O-O 8.
Qc2 Re8+ 9. Ne2 h5 10. O-O Nd7 11.
Ng3 Bxg3 12. fxg3 Nf8 13. Qf2 a6 14. b3 c5 15. Bb2 cxd4 16. cxd4 Be6 17. Rfe1 Bd5 18.
Be2 g6 19. Bf3 Qd7 20. Bxd5 Qxd5 21. Qxf6 Nd7 22. Qf2 Rac8 23. h3 Qd6 24. d5 Qxd5 25. Red1 Qe6 26. Rxd7 Qxd7 27. Qf6 Kf8 28. Qg7+ Ke7 29.
Re1+ Kd8 30. Qf6+ Kc7 31. Be5+ 1-0

[Event "*** Titled Tuesday Blitz"]
[Site "Chess.com"]
[Date "2021.03.30"]
[Round "2"]
[White "oogee"]
[Black "AlphaHero0"]
[Result "0-1"]
[WhiteElo "2380"]
[BlackElo "2103"]
[TimeControl "180+1"]
[EndTime "10:15:10 PDT"]
[Termination "AlphaHero0 won by resignation"]

1. d4 g6 2. c4 Bg7 3. Nf3 d6 4. Nc3 Bg4 5. e4 Nc6 6. Be3 e5 7. d5 Nd4 8. Be2 Bxf3 9. Bxf3 Ne7 10. Bxd4 exd4 11. Ne2 c5 12. dxc6 bxc6 13. Nxd4 Qa5+ 14. Ke2 O-O 15. Re1 Qc5 16. Nb3 Qxc4+ 17. Qd3 Qxd3+ 18. Kxd3 Bxb2 19. Rad1 Be5 20. g3 Rfd8 21. Bg2 a5 22. f4 Bg7 23. Kc2 Rab8 24. Re3 a4 25. Nd2 Rb2+ 26. Kd3 Rxa2 27. Rb1 a3 28. Bh3 Ra1 29. Rxa1 Bxa1 30. Kc2 Ra8 31. Kb1 Bd4 0-1

[Event "*** Titled Tuesday Blitz"]
[Site "Chess.com"]
[Date "2021.03.30"]
[Round "2"]
[White "Genghis_K"]
[Black "MPGM"]
[Result "1-0"]
[WhiteElo "2953"]
[BlackElo "2585"]
[TimeControl "180+1"]
[EndTime "10:15:13 PDT"]
[Termination "Genghis_K won by resignation"]

1. e4 e5 2. Nf3 Nc6 3. Bb5 Nf6 4. O-O Nxe4 5. Re1 Nd6 6. Nxe5 Be7 7. Bf1 Nxe5 8.
Rxe5 O-O 9. d4 Ne8 10. c4 Bf6 11. Re1 d5 12. cxd5 Qxd5 13. Be3 Bf5 14. Nc3 Qd7 15. Rc1 c6 16. d5 Nd6 17. dxc6 bxc6 18. Na4 Rfd8 19. Nc5 Qc7 20. Qe2 Qa5 21. b3 h6 22.
Red1 Nb5 23. Nb7 Qc7 24. Nxd8 Rxd8 25. Qxb5 Rxd1 26. Qxf5 Rxc1 27. Bxc1 Qd6 1-0